[Event "Championnat du monde jeunes U10"]
[Date "2024.11.19"]
[White "Kostyukovich, Ivan"]
[Black "Nikitakis, Michail"]
[WhiteElo "1489"]
[BlackElo "1818"]
[Round "5.29"]
[Result "0-1"]
[TimeControl "5400+30"]

1. e4 e5 2. Nf3 Nc6 3. Bc4 Nf6 4. Ng5 d5 5. exd5 Na5 6. Bb5+ Bd7 7. Qe2 Be7 8. Nc3 O-O 9. O-O Re8 10. Bxd7 Qxd7 11. Nf3 Bb4 12. a3 Bxc3 13. dxc3 Qxd5 14. Rd1 Qe4 15. Qxe4 Nxe4 16. Be3 f5 17. Rd5 Nc6 18. Re1 Rad8 19. Red1 Rxd5 20. Rxd5 Nf6 21. Rd1 f4 22. Bc1 h6 23. h4 Rf8 24. b4 a6 25. c4 b5 26. cxb5 axb5 27. Bb2 Re8 28. Re1 Nd7 29. Re4 Nb6 30. Bc1 Nc4 31. Re1 Rd8 32. Kf1 Rd5 33. Ke2 e4 34. Nd2 Nd4+ 35. Kf1 Nxc2 36. Nxc4 Nxe1 37. Kxe1 bxc4 38.
Bxf4 c3 39. g3 c2 40. Bd2 Rd3 41. b5 Rxa3 42. Bc1 Rd3 43. Bd2 Rd5 44. Ke2 Rxb5 45. Bc1 Rd5 46. Bd2 c5 47. g4 c4 48. g5 c3 49. Be3 Rd1 50. gxh6 c1=Q 51. Bxc1 Rxc1 52. hxg7 Rh1 53.
h5 c2 54. h6 c1=Q 55. h7+ Kxg7 56. h8=B+ Kxh8 0-1

[Variant "Standard"]
[Site "Europe Echecs"]

[Event "Championnat du monde jeunes U10"]
[Date "2024.11.19"]
[White "Czech, Emil"]
[Black "Zhang, Oscar Y"]
[WhiteElo "1608"]
[BlackElo "1817"]
[Round "5.30"]
[Result "0-1"]
[TimeControl "5400+30"]

1. e4 c5 2. Nf3 d6 3. d4 cxd4 4. Qxd4 Nc6 5. Qe3 Nf6 6. h3 e6 7. Be2 Be7 8. O-O O-O 9. Rd1 Qc7 10. c4 a6 11. Nc3 Bd7 12. b3 Rad8 13. Ba3 Rfe8 14. Rd2 Bc8 15. Rad1 h6 16. Bb2 Nh7 17. Nh2 d5 18. Qd3 d4 19. Nb1 Bg5 20. a3 Bxd2 21. Nxd2 e5 22. Bg4 Nf8 23. b4 Ne6 24. c5 Nf4 25. Qb3 Be6 26. Bxe6 Rxe6 27. Ndf1 Rg6 28. Ng3 Qe7 29. Bc1 d3 30. Nf3 Nd4 31. Nxd4 Rxd4 32. Qb2 Qd8 33. Bxf4 exf4 34. Nf5 Rxe4 35. h4 Qf6 36. Qxf6 Rxf6 37. Nd6 Rd4 38. Nxb7 d2 39. Kf1 Re6 40. Na5 Rde4 0-1

[Variant "Standard"]
[Site "Europe Echecs"]

[Event "Championnat du monde jeunes U10"]
[Date "2024.11.19"]
[White "Cao, Frank Zhongtian"]
[Black "Otetileu, Amanbek"]
[WhiteElo "1793"]
[BlackElo "1632"]
[Round "5.31"]
[Result "1/2-1/2"]
[TimeControl "5400+30"]

1. e4 c5 2. Nf3 d6 3. d4 cxd4 4. Nxd4 Nf6 5. Nc3 Nc6 6. Bg5 e6 7. Qd2 Be7 8. O-O-O Nxd4 9. Qxd4 O-O 10. f3 Qa5 11. Be3 Bd7 12. Kb1 Rfc8 13. Qd2 b6 14. Ne2 Qxd2 15. Rxd2 d5 16. e5 Ne8 17. Bd4 Bc5 18. f4 Kf8 19. g3 Ke7 20. Bg2 h5 21. Bxc5+ Rxc5 22. Nd4 a5 23. Bf3 g6 24. h3 Ng7 25. g4 Rh8 26. g5 a4 27. a3 b5 28. h4 Rb8 29. c3 Rc4 30. Be2 Rcc8 31. Bf3 Rc4 32. Be2 Ra8 1/2-1/2

[Variant "Standard"]
[Site "Europe Echecs"]

[Event "Championnat du monde jeunes U10"]
[Date "2024.11.19"]
[White "Ilko-Toth, Andras"]
[Black "Shrubok, Herman"]
[WhiteElo "2115"]
[BlackElo "1477"]
[Round "5.32"]
[Result "1-0"]
[TimeControl "5400+30"]

1. d4 Nf6 2. Nf3 g6 3. g3 Bg7 4. Bg2 O-O 5. O-O d6 6. Nc3 d5 7. Re1 Bf5 8. Nh4 Be6 9. e4 dxe4 10. Nxe4 Nxe4 11. Bxe4 c6 12. c3 Nd7 13. Bg5 Nf6 14. Bg2 Bd5 15. Qd2 Bxg2 16. Nxg2 Qd5 17. Bh6 Ne4 18. Qf4 Bxh6 19. Qxe4 Qxe4 20. Rxe4 e6 21. Ne1 Rad8 22. Nd3 Rd6 23. a4 Rfd8 24. Nc5 Rb8 25. a5 Rdd8 26. b4 b6 27. Nd3 Bd2 28. Ra3 bxa5 29. Re2 axb4 30. Nxb4 Bxc3 31. Nxc6 Bxd4 32. Nxd8 Rxd8 33. Rd2 Bb6 34. Rxd8+ Bxd8 35. Rxa7 Bf6 36. Kg2 h5 37. f4 e5 38. Kf3 exf4 39. gxf4 Bh4 40. f5 gxf5 41. Kf4 Bf2 42. Ra2 Bc5 43. Kg5 Be7+ 44. Kxf5 Kg7 45. Rg2+ Kh6 46. Rg8 Kh7 47. Re8 Bh4 48. Re4 Bd8 49. Rd4 Bc7 50. h3 Bg3 51. h4 Be1 52. Kg5 Bc3 53. Rd3 Bh8 54. Kxh5 Bf6 55. Rf3 Kg7 56. Kg4 Be7 57. Rf5 Bd8 58. Rc5 Kg6 59. Rc6+ Kg7 60. h5 Ba5 61. h6+ Kh7 62. Kh5 Bd2 63. Rc7 Kg8 64. h7+ Kxh7 65. Rxf7+ Kg8 66. Kg6 Bc3 67. Rc7 1-0

[Variant "Standard"]
[Site "Europe Echecs"]

[Event "Championnat du monde jeunes U10"]
[Date "2024.11.19"]
[White "Aghoyan, Gevorg"]
[Black "Ten Dam, Bram"]
[WhiteElo "1682"]
[BlackElo "2012"]
[Round "5.33"]
[Result "0-1"]
[TimeControl "5400+30"]

1. e4 c5 2. Nf3 d6 3. d4 cxd4 4. Nxd4 Nf6 5. Nc3 g6 6. Be3 Bg7 7. Bc4 Nc6 8. Bb3 Ng4 9. Nxc6 bxc6 10. Qd2 Nxe3 11. Qxe3 Qa5 12. O-O O-O 13. Rab1 Ba6 14. Ne2 Qb6 15. Qf3 Qc5 16. Rfd1 Rab8 17. Nf4 Bc8 18. Nd3 Qb6 19. h3 a5 20. c3 Qb5 21. Qe3 a4 22. Bc2 c5 23. Nf4 Bh6 24. Qg3 Bxf4 25. Qxf4 Be6 26. b3 axb3 27. axb3 Ra8 28. c4 Qb4 29. Ra1 Qc3 30. Rxa8 Rxa8 31. Rc1 Kf8 32. Qh6+ Qg7 33. Qd2 Ra2 34. Qd1 Qb2 35. Kh2 h5 36. Kh1 Bc8 37. Kh2 Ke8 38. Kh1 g5 39. e5 dxe5 40. Be4 Ra6 41. Rb1 Qd4 42. Qf3 g4 43. hxg4 hxg4 44. Qe2 Rh6+ 45. Kg1 g3 46. Bc6+ Rxc6 47. Ra1 0-1

[Variant "Standard"]
[Site "Europe Echecs"]

[Event "Championnat du monde jeunes U10"]
[Date "2024.11.19"]
[White "Chen, Chicheng Leon"]
[Black "Tenuun, Tseesuren"]
[WhiteElo "1987"]
[BlackElo "1702"]
[Round "5.34"]
[Result "1-0"]
[TimeControl "5400+30"]

1. e4 e5 2. Nf3 Nc6 3. Bc4 Nf6 4. d4 exd4 5. e5 d5 6. Bb5 Nd7 7. O-O Be7 8. Bxc6 bxc6 9. Nxd4 Nb8 10. Nc3 O-O 11. Qf3 Be6 12. Qg3 Re8 13. Bh6 Bf8 14. f4 f5 15. exf6 Qxf6 16. Nxe6 Rxe6 17. Bg5 Qd4+ 18. Kh1 Nd7 19. f5 Bd6 20. fxe6 Bxg3 21. exd7 Qe5 22. d8=Q+ Rxd8 23. Bxd8 Bxh2 24. Rae1 Qh5 25. g4 Qg6 26. Kxh2 Qd6+ 27. Kg2 Qxd8 28. Ne2 h6 29. Ng3 Qh4 30. Rf4 Qg5 31. Kf3 d4 32. Re8+ Kh7 33. Nf5 h5 34. Re7 hxg4+ 35. Ke4 Kh8 36. Rxg7 Qh4 37. Nxh4 1-0

[Variant "Standard"]
[Site "Europe Echecs"]

[Event "Championnat du monde jeunes U10"]
[Date "2024.11.19"]
[White "Chakhalov, Mikael"]
[Black "Skouroupathis, Kyriakos"]
[WhiteElo "1962"]
[BlackElo "1695"]
[Round "5.35"]
[Result "1-0"]
[TimeControl "5400+30"]

1. c4 e5 2. g3 Nc6 3. Bg2 f5 4. Nc3 Nf6 5. d3 Bb4 6. Bd2 O-O 7. Nf3 d5 8. cxd5 Nxd5 9. Nxe5 Nxc3 10. bxc3 Nxe5 11. cxb4 Re8 12. O-O c6 13. Bc3 Qe7 14. Re1 Qd6 15. h3 Be6 16. Qd2 Bd5 17. e4 Be6 18. d4 Nc4 19. Qg5 g6 20. d5 cxd5 21. Qf6 Re7 22. exd5 Rf8 23. Qh4 Qd8 1-0

[Variant "Standard"]
[Site "Europe Echecs"]

[Event "Championnat du monde jeunes U10"]
[Date "2024.11.19"]
[White "Guirado Lara, Pablo"]
[Black "Megagiannis, Maximos"]
[WhiteElo "1832"]
[BlackElo "1682"]
[Round "5.36"]
[Result "1-0"]
[TimeControl "5400+30"]

1. e4 c5 2. c3 d5 3. e5 Bf5 4. Nf3 Nc6 5. d4 e6 6. a3 Qb6 7. b4 cxd4 8. cxd4 Rc8 9. Qa4 Be4 10. Nbd2 Ne7 11. Bb2 Nf5 12. Be2 Be7 13. g4 Bxf3 14. Nxf3 Nh4 15. Nxh4 Bxh4 16. O-O O-O 17. b5 Na5 18. Rac1 Be7 19. Rc3 Rxc3 20. Bxc3 Nc4 21. Bxc4 dxc4 22. Qxc4 Bxa3 23. Ra1 Qd8 24. Rxa3 Qg5 25. Be1 Qxg4+ 26. Rg3 Qe4 27. Bb4 Qb1+ 28. Kg2 Qe4+ 29. f3 Qb1 30. Bxf8 Qb2+ 31. Kh1 1-0

[Variant "Standard"]
[Site "Europe Echecs"]

[Event "Championnat du monde jeunes U10"]
[Date "2024.11.19"]
[White "Kovacs, Balazs"]
[Black "Golya, David"]
[WhiteElo "1800"]
[BlackElo "1672"]
[Round "5.37"]
[Result "0-1"]
[TimeControl "5400+30"]

1. e4 c5 2. Nf3 Nc6 3. d4 cxd4 4. Nxd4 e5 5. Nb5 d6 6. N1c3 a6 7. Na3 Be7 8. Nc4 b5 9. Ne3 Nf6 10. Ned5 Be6 11. Nxe7 Qxe7 12. Bg5 O-O 13. Nd5 Bxd5 14. exd5 Nb8 15. Qf3 Nbd7 16. Be2 Rac8 17. Rc1 Rc5 18. O-O e4 19. Qg3 Rxd5 20. Rfd1 Qe6 21. Bh6 Ne8 22. Bf4 Rxd1+ 23. Rxd1 d5 24. a4 bxa4 25. Qa3 Qc6 26. Qc3 Qxc3 27. bxc3 Nef6 28. Ra1 Nc5 29. Bd6 Rc8 30. Bxc5 Rxc5 31. Rxa4 Rxc3 32. Rxa6 h6 33. Ra2 Kh7 34. Kf1 Kg6 35. Ke1 Kf5 36. Kd2 Rc7 37. Ra5 Ke5 38. c4 Kd4 39. cxd5 Nxd5 40. Ra4+ Ke5 41. Bc4 Nb6 42. Ra5+ Kf6 43. Be2 Nc4+ 44. Bxc4 Rxc4 45. Ke3 g5 46. g4 Rc3+ 47. Kxe4 Rh3 48. Ra6+ Kg7 49. f4 gxf4 50. Kxf4 Rxh2 51. Kg3 Rb2 52.
Rc6 Rb3+ 53. Kf4 f6 54. Ra6 Kg6 55. Ra5 Rb1 56. Kf3 Re1 57. Kf4 Re5 58. Ra8 Rb5 59. Kg3 Rg5 60. Rg8+ Kf7 61. Ra8 h5 62. Ra7+ Ke6 63. Ra6+ Kf7 64. Ra7+ Kg6 65. Ra4 f5 66. Ra6+ Kf7 67. Ra7+ Ke6 68. Ra6+ Kd7 69. Ra7+ Kc6 70. Ra5 f4+ 71. Kxf4 Rxa5 72. g5 Kd6 73. g6 0-1

[Variant "Standard"]
[Site "Europe Echecs"]

[Event "Championnat du monde jeunes U10"]
[Date "2024.11.19"]
[White "Iliev, Stoyan"]
[Black "Guntaka, Aayansh"]
[WhiteElo "1671"]
[BlackElo "1798"]
[Round "5.38"]
[Result "1-0"]
[TimeControl "5400+30"]

1. e4 e6 2. d4 d5 3. exd5 exd5 4. Be3 Bd6 5. Nf3 Ne7 6. Bd3 O-O 7. O-O Bf5 8. Re1 Bxd3 9. Qxd3 Qd7 10. Nc3 c6 11. Bg5 f6 12. Bd2 Nf5 13. a3 Na6 14. b4 Nc7 15. Re2 a5 16. Na4 Ra6 17. bxa5 g6 18. Bb4 Ne6 19. g3 Nfg7 20. Rae1 g5 21. Nb6 Qe7 22. c3 f5 23. Ne5 f4 24. Nxc6 Qc7 25. Ne5 Bxb4 26. axb4 Qd6 27. Qb5 Rd8 28. Ng4 f3 29. Re3 h5 30. Nh6+ Kf8 31. Rxf3+ Nf4 32. gxf4 g4 33. Rfe3 Qxh6 34. Qc5+ Kg8 35. Qc7 Rf8 36. Nxd5 Rd6 37. Ne7+ Kh8 38. f5 Nxf5 39. Nxf5 Rxf5 40. Re8+ Rf8 41. Qxb7 Rf6 42. Qe7 Rxf2 43. a6 Qf4 44. Rxf8+ Qxf8 45. Qxf8+ Rxf8 46. b5 Rc8 47. a7 g3 48. hxg3 h4 49. gxh4 Rg8+ 50. Kh2 Kh7 51. b6 Kh6 52. b7 Kg6 53. Rg1+ Kf5 54. Rxg8 Ke4 55. b8=Q Kd3 56. Qb4 Ke3 57. Rg3+ Kf4 58. Qe7 Kf5 59. a8=Q Kf4 60. Qaf8# 1-0

[Variant "Standard"]
[Site "Europe Echecs"]

[Event "Championnat du monde jeunes U10"]
[Date "2024.11.19"]
[White "Neuschild, Marius"]
[Black "Bartash, Saveli"]
[WhiteElo "1786"]
[BlackElo "1661"]
[Round "5.39"]
[Result "1-0"]
[TimeControl "5400+30"]

1. e4 c5 2. Nf3 d6 3. c3 Nf6 4. Be2 Bd7 5. Qc2 Nc6 6. d4 cxd4 7. cxd4 g6 8. O-O Bg7 9. Nc3 O-O 10. h3 Rc8 11. Be3 Qc7 12. a3 Rfd8 13. Rac1 Qb8 14. Rfe1 a6 15. b4 e5 16. Red1 exd4 17. Nxd4 Nxd4 18. Bxd4 Bc6 19. Qb1 b5 20. Bf3 Qb7 21. Bxf6 Bxf6 22. Nd5 Bg5 23. Rc2 Bxd5 24. Rxd5 Rxc2 25. Qxc2 Rc8 26.
Qd3 Rc1+ 27. Kh2 Qb6 28. Rxg5 Qxf2 29.
Qe2 Qg1+ 30. Kg3 Rc3 31. Rd5 Qb6 32. Qd2 Rxa3 33. Rxd6 Qc7 34. e5 Qe7 35. Qd4 Qg5+ 36. Kh2 Qf5 37. Rd8+ Kg7 38. e6+ f6 39. e7 Rxf3 40. e8=Q Rxh3+ 41. gxh3 Qc2+ 42. Qd2 Qc7+ 43. Rd6 1-0

[Variant "Standard"]
[Site "Europe Echecs"]

[Event "Championnat du monde jeunes U10"]
[Date "2024.11.19"]
[White "Zhou, Martin"]
[Black "Popov, Aleksandr And"]
[WhiteElo "1776"]
[BlackElo "1651"]
[Round "5.40"]
[Result "0-1"]
[TimeControl "5400+30"]

1. e4 e5 2. Nf3 Nc6 3. Bb5 a6 4. Ba4 Nf6 5. O-O Bc5 6. c3 b5 7. Bb3 d6 8. h3 O-O 9. d4 Bb6 10. Bg5 h6 11. Bh4 g5 12. Bg3 Nxe4 13. Bd5 Nxg3 14. Bxc6 Nxf1 15. Bxa8 Bf5 16. Bd5 e4 17. Nh4 gxh4 18. Kxf1 Qf6 19. Qe2 Qg6 20. Nd2 Re8 21. Qe3 Qg5 22. Re1 Qxe3 23. Rxe3 c5 24. dxc5 Bxc5 25. Re1 e3 26. fxe3 Bxe3 27. Ke2 Bf4+ 28. Kd1 Bc2+ 29. Kxc2 Rxe1 30. Bf3 Bxd2 31.
Kxd2 Rg1 32. Kc2 Kg7 33. Kb3 a5 34. a4 bxa4+ 35. Kxa4 Ra1+ 36. Kb3 a4+ 37.
Kc2 a3 38. bxa3 Rxa3 39. Kd3 Kf6 40.
Kd4 Ra2 41. Kd5 Rd2+ 42. Kc4 Ke5 43.
Kb5 d5 44. Kc5 d4 45. cxd4+ Rxd4 46. Bc6 Rd2 47. Bf3 Kf4 48. Kc4 Kg3 49. Kc3 Rxg2 50. Bxg2 Kxg2 51. Kd2 Kxh3 52.
Ke1 Kg2 53. Ke2 h3 54. Ke3 h2 55. Kf4 h1=Q 0-1

[Variant "Standard"]
[Site "Europe Echecs"]

[Event "Championnat du monde jeunes U10"]
[Date "2024.11.19"]
[White "Montaigu Dupont, Arthur"]
[Black "Grimm, Jakob"]
[WhiteElo "1767"]
[BlackElo "1646"]
[Round "5.41"]
[Result "1-0"]
[TimeControl "5400+30"]

1. e4 e5 2. Nf3 Nc6 3. Bc4 Bc5 4. Nc3 d6 5. d3 Nf6 6. Na4 Bb6 7. a3 Qe7 8. O-O Bg4 9. h3 Bh5 10. c3 O-O-O 11. Nxb6+ axb6 12. b4 h6 13. a4 g5 14. a5 b5 15. Bxb5 Na7 16. Bc4 g4 17. hxg4 Bxg4 18. b5 h5 19. Be3 c5 20. bxc6 Nxc6 21. a6 h4 22. axb7+ Kc7 23. Qb3 Nd7 24. Ra6 h3 25. Bb6+ Kb8 26. Rfa1 Nc5 27. Ra8+ Kxb7 28. Bxc5+ Kc7 29. R1a7+ Nxa7 30.
Rxa7+ Kc8 31. Ba6+ 1-0

[Variant "Standard"]
[Site "Europe Echecs"]

[Event "Championnat du monde jeunes U10"]
[Date "2024.11.19"]
[White "Qian, Qipeng"]
[Black "Fattori Dittmar, Luca"]
[WhiteElo "1641"]
[BlackElo "1766"]
[Round "5.42"]
[Result "1/2-1/2"]
[TimeControl "5400+30"]

1. d4 Nf6 2. c4 g6 3. Nc3 Bg7 4. e4 d6 5. Be2 O-O 6. Bg5 Na6 7. Nf3 c6 8. O-O Nc7 9. Qc2 d5 10. cxd5 cxd5 11. e5 Nd7 12. Rac1 Nb8 13. Nb5 Nxb5 14. Bxb5 h6 15. Bh4 g5 16. Bg3 Qb6 17. Qc5 Qxc5 18.
Rxc5 a6 19. Ba4 b5 20. Bb3 e6 21. Rfc1 Nd7 22. Rc7 Nb6 23. Bd1 Bd7 24. Rb7 Rab8 25. Rcc7 Rxb7 26. Rxb7 Rc8 27.
Kf1 Rc6 28. h4 Bc8 29. Ra7 gxh4 30.
Bxh4 Rc1 31. Ke2 Bf8 32. Bd8 Rc6 33. Nd2 Nc4 34. Nxc4 dxc4 35. Ke3 c3 36. bxc3 Rxc3+ 37. Kd2 Bb4 38. Ke2 Rc4 39. Kd3 Be1 40. Bb3 Rxd4+ 41. Ke2 Rxd8 42. Kxe1 Rd7 43. Ra8 Rc7 44. Kd2 Kg7 45. g3 Rd7+ 46. Kc3 Bb7 47. Ra7 Bc8 48. Ra8 Bb7 49. Ra7 Bc8 50. Ra8 Bb7 51. Ra7 1/2-1/2

[Variant "Standard"]
[Site "Europe Echecs"]

[Event "Championnat du monde jeunes U10"]
[Date "2024.11.19"]
[White "Katta, Sriansh"]
[Black "Vedrickas, Vytis"]
[WhiteElo "1766"]
[BlackElo "1642"]
[Round "5.43"]
[Result "0-1"]
[TimeControl "5400+30"]

1. e4 c5 2. Nc3 g6 3. f4 Bg7 4. Nf3 Nc6 5. Bc4 e6 6. O-O Nge7 7. d3 O-O 8. Qe1 d5 9. Bb3 Nd4 10. Nxd4 cxd4 11. Nd1 dxe4 12. dxe4 b5 13. Nf2 a5 14. a4 Bd7 15. Bd2 bxa4 16. Bxa4 Bxa4 17. Rxa4 Nc6 18. Nd3 Re8 19. Qf2 Ne7 20. Ne5 Qc7 21. c3 Qb7 22. Nc4 Qxe4 23. Nd6 Qc6 24. Nxe8 Qxa4 25. Nxg7 Kxg7 26. f5 exf5 27. Qh4 Ng8 28. cxd4 Re8 29. Bc3 f6 30. Qg3 Qd7 31. Rd1 Ne7 32. Qf3 a4 33. d5 Rd8 34. d6 Nc8 35. Bb4 Qb5 36. Qc3 Qe2 37. Qc7+ Kh6 38. Re1 Qxb2 39. Qxd8 Qxb4 40. Rd1 Qb3 41. Rf1 Qe3+ 42. Kh1 Qd3 43. Qf8+ Kg5 44. h4+ Kh5 45. Rc1 Nxd6 46. Qxf6 Ne4 47. Qe7 h6 48. Qe5 Qe3 49. Qc7 Nf2+ 50. Kh2 Ng4+ 51. Kh1 Qf2 52. Qd6 Qxh4+ 53. Kg1 Qf2+ 54. Kh1 Qe3 55. Qc7 Nf2+ 56. Kh2 Nd3 57. Rf1 Ne5 58. Qc2 Ng4+ 59. Kh1 Qe5 60. g3 Qd5+ 61. Kg1 a3 62. Qc3 a2 63. Ra1 Qb5 64. Qc2 Qe5 65. Qc1 0-1

[Variant "Standard"]
[Site "Europe Echecs"]

[Event "Championnat du monde jeunes U10"]
[Date "2024.11.19"]
[White "Kadyr, Aldiyar"]
[Black "Bulat, Mansur"]
[WhiteElo "1759"]
[BlackElo "1610"]
[Round "5.44"]
[Result "1-0"]
[TimeControl "5400+30"]

1. e4 c6 2. d4 d5 3. Nc3 dxe4 4. Nxe4 Bf5 5. Ng3 Bg6 6. c3 Nf6 7. Nh3 e6 8. Nf4 Bd6 9. Bd3 Bxd3 10. Qxd3 Bxf4 11. Bxf4 Qe7 12. O-O O-O 13. Rfe1 Nd5 14. Bd2 Qc7 15. Ne4 Nd7 16. c4 N5f6 17. Re3 Nxe4 18. Qxe4
Nf6 19. Qh4 Rfd8 20.
Rg3 Ne8 21. Rh3 Nf6 22. Rg3 Ne8 23. Rh3 Nf6 24. Bg5 Qe7 25. Rf3 Rd7 26. Rxf6 Qb4 27. Rf3 Qxb2 28. Rd1 Qxa2 29. Rh3 Qc2 30. Rc1 Qg6 31. Rg3 Kh8 32. h3 b6 33. Be3 Qf6 34. Qe4 Rc8 35. Rd1 Qd8 36. Qe5 Qg8 37. Bg5 Rf8 38. Bf6 h6 39. Rxg7 Rc8 40. Rxg8+ Kxg8 41. Qg3+ Kf8 42. Qg7+ Ke8 43. Qh8# 1-0

[Variant "Standard"]
[Site "Europe Echecs"]

[Event "Championnat du monde jeunes U10"]
[Date "2024.11.19"]
[White "Vardanyan, Armen Art."]
[Black "Munoz Padilla, Andres"]
[WhiteElo "1735"]
[BlackElo "1604"]
[Round "5.45"]
[Result "1-0"]
[TimeControl "5400+30"]

1. d4 Nf6 2. c4 g6 3. Nc3 Bg7 4. e4 O-O 5. f3 d6 6. Be3 e5 7. d5 Nbd7 8. Qd2 a5 9. O-O-O Ne8 10. g4 c6 11. h4 cxd5 12. Nxd5 b6 13. h5 Bb7 14. hxg6 fxg6 15. Qh2 Ndf6 16. Bxb6 Qb8 17. c5 Bxd5 18. exd5 dxc5 19. g5 Nh5 20. Bxc5 Qc7 21. Qc2 Rc8 22. Bh3 Nd6 23. Bxc8 Rxc8 24. Ne2 Qxc5 25. Qxc5 Rxc5+ 26. Kb1 e4 27. fxe4 Nxe4 28. d6 Rc8 29. d7 Rd8 30. Rd5 Kf7 31. Rhd1 Ke7 32. Nd4 Bxd4 33. R1xd4 Nhg3 34. Re5+ Kf7 35. Rd3 a4 36. Rf3+ Nf5 37. Rxe4 Rxd7 38. Rxa4 Rd1+ 39. Kc2 Rg1 40. Ra7+ Ke6 41. Rd3 Rxg5 42. Rxh7 Rg2+ 43. Kb3 g5 44. a4 g4 45. Rh1 Ng3 46. Re1+ Kf5 47. a5 Ne4 48. Rd5+ Kf4 49. Rd4 g3 50. Rdxe4+ Kf5
51. R4e2 1-0

[Variant "Standard"]
[Site "Europe Echecs"]

[Event "Championnat du monde jeunes U10"]
[Date "2024.11.19"]
[White "Tamiolakis, Grigorios"]
[Black "Orsi, Andrea"]
[WhiteElo "1591"]
[BlackElo "1728"]
[Round "5.46"]
[Result "1-0"]
[TimeControl "5400+30"]

1. d4 d5 2. c4 e6 3. Nf3 Nf6 4. Bg5 Be7 5. Nc3 O-O 6. e3 b6 7. cxd5 exd5 8. Be2 Bb7 9. O-O Nbd7 10. Rc1 c5 11. Bxf6 Nxf6 12. Qd2 Rc8 13. Rfd1 Bd6 14. dxc5 bxc5 15. Nb5 Bb8 16. b3 a6 17. Nc3 Re8 18. Qb2 Qd6 19. g3 Qe7 20. Kf1 Be5 21. Nxe5 Qxe5 22. Na4 Qd6 23. Bf3 Bc6 24. Kg1 Bxa4 25. bxa4 Ne4 26. Bxe4 Rxe4 27. Qc2 Qc6 28. Qd2 Rd8 29. Qa5 Rc8 30. Rd4 Rxd4 31. exd4 c4 32. Rc3 Rc7 33. Kg2 Kf8 34. Qb4+ Ke8 35. Re3+ Kd7 36. Rf3 Qe6 37. Re3 Qd6 38. Qb8 Rc8 39. Qb1 h6 40. Qf5+ Kc6 41. Qxc8+ 1-0

[Variant "Standard"]
[Site "Europe Echecs"]

[Event "Championnat du monde jeunes U10"]
[Date "2024.11.19"]
[White "Kais, Kristofer"]
[Black "Roth, Elai"]
[WhiteElo "1723"]
[BlackElo "1577"]
[Round "5.47"]
[Result "1-0"]
[TimeControl "5400+30"]

1. d4 d5 2. Bf4 Nf6 3. e3 e6 4. Nf3 Bd6 5. Ne5 O-O 6. Nd2 c6 7. Bd3 Qc7 8. O-O Nbd7 9. Ndf3 c5 10. c3 Ne4 11. Qe2 b6 12. Rad1 f6 13. Nxd7 Qxd7 14. Bxe4 dxe4 15. dxc5 exf3 16. Qxf3 Bb7 17. Qh3 f5 18. Rxd6 Qb5 19. Qg3 Rf6 20. Qh4 Qxc5 21. Rfd1 Bd5 22. Be5 Rh6 23. Qd4 Qb5 24. a4 Qe2 25. Rxd5 exd5 26. Qxd5+ Kf8 27. Qxa8+ Kf7 28.
Rd7+ Kg6 29. Rxg7+ Kh5 30. Qe8+ Kh4 31. Qe7+ Kh5 32. Qg5# 1-0

[Variant "Standard"]
[Site "Europe Echecs"]

[Event "Championnat du monde jeunes U10"]
[Date "2024.11.19"]
[White "Gim, Hajin"]
[Black "Babeikin, Kiryl"]
[WhiteElo "1603"]
[BlackElo "1721"]
[Round "5.48"]
[Result "0-1"]
[TimeControl "5400+30"]

1. e4 c5 2. Nc3 a6 3. f4 b5 4. Nf3 Bb7 5. d4 cxd4 6. Nxd4 b4 7. Nd5 e6 8. Nxb4 Bxb4+ 9. c3 Be7 10. Bd3 d6 11. O-O Nf6 12. f5 e5 13. Nb3 d5 14. exd5 Qxd5 15. Qe2 Nbd7 16. Bg5 O-O 17. Rad1 Qc6 18. Kh1 Rfe8 19. Rd2 Nd5 20. Bxe7 Nf4 21. Rxf4 exf4 22. Na5 f3 23. Nxc6 fxe2 24. Bxe2 Bxc6 25. Ba3 Bb5 26. c4 Bxc4 27. Rxd7 Rxe2 28. h3 h5 29. Rd4 Bxa2 30. Kh2 Rc8 31. Kg3 Rcc2 32. Kh4 Rc4 33. Rxc4 Bxc4 0-1

[Variant "Standard"]
[Site "Europe Echecs"]

[Event "Championnat du monde jeunes U10"]
[Date "2024.11.19"]
[White "Larionov, Serghei"]
[Black "Youn, Laeho"]
[WhiteElo "1720"]
[BlackElo "1520"]
[Round "5.1"]
[Result "1-0"]
[TimeControl "5400+30"]

1. d4 e6 2. c4 d5 3. Nc3 c6 4. cxd5 exd5 5. Bf4 Bf5 6. e3 Nf6 7. Bd3 Bg6 8. Bxg6 hxg6 9. Nf3 Bd6 10. Bxd6 Qxd6 11. O-O Nbd7 12. Qb3 O-O 13. Qc2 Rae8 14. Na4 Ne4 15. Rfb1 Ndf6 16. Nc5 Ng4 17. Nd3 Kh7 18. h3 Nh6 19. Nf4 Rh8 20. Nd2 Kg8 21. Nxe4 Rxe4 22. Qc5 Qb8 23. h4 Nf5 24. g3 Nd6 25. Nd3 Nc4 26. Nf4 g5 27. hxg5 Nd2 28. Rd1 Nf3+ 29. Kg2 Nxg5 30. Rh1 g6 31. Rxh8+ Kxh8 32. Rh1+ Kg7 33. Nd3 Rg4 34. Ne5 Re4 35. Qe7 Rxe5 36. dxe5 Nh7 37. Qh4 Qg8 38. Qd4 f6 39. Qxa7 Qf7 40. Qd4 Qf8 41. Qh4 Qg8 42. Qh6+ Kh8 43. e6 Qg7 44. Qxg7+ Kxg7 45. Rxh7+ Kf8 46. Rxb7 d4 47. exd4 c5 48. dxc5 Ke8 49. Rd7 f5 50. c6 f4 51. c7 f3+ 52. Kxf3 g5 53. c8=B g4+ 54. Kg2 Kf8 55. a4 Ke8 56. a5 Kf8 57. a6 Ke8 58. a7 Kf8 59. a8=N Ke8 1-0

[Variant "Standard"]
[Site "Europe Echecs"]

[Event "Championnat du monde jeunes U10"]
[Date "2024.11.19"]
[White "Schettini Acuna, Massimo Matteo"]
[Black "Kaloh, Edvard"]
[WhiteElo "1703"]
[BlackElo "1506"]
[Round "5.2"]
[Result "1/2-1/2"]
[TimeControl "5400+30"]

1. e4 c5 2. Nf3 g6 3. d4 cxd4 4. Nxd4 Bg7 5. Nc3 Nc6 6. Be3 Nf6 7. f3 O-O 8. Qd2 d5 9. Bb5 Nxd4 10. Bxd4 dxe4 11. f4 Ng4 12. Bxg7 Qxd2+ 13. Kxd2 e3+ 14. Ke2 Kxg7 15. h3 Nf6 16. Kxe3 a6 17. Bd3 b5 18. a3 Bb7 19. Rhg1 Rfd8 20. g4 Rac8 21. Rad1 Nd5+ 22. Nxd5 Rxd5 23. c3 Rcd8 24. Be2 Rxd1 25. Rxd1 Rxd1 26. Bxd1 f5 27. a4 bxa4 28. Bxa4 Bg2 29. gxf5 Bxh3 30. fxg6 Kxg6 31. c4 h5 32. c5 h4 33. Be8+ Kf6 34. c6 e5 35. fxe5+ Ke7 36. Bh5 Bc8 37. Bf3 h3 38. Bh1 Ke6 39. Kd4 h2 40. b4 Ke7 41. Kc5 Ke6 42. Kb6 Kxe5 43. Kc7 Be6 44. Kb6 Bc8 45. c7 Kd6 46. Bc6 Bd7 47. Bb7 Bc8 48. Bg2 Kd7 49. Bh1 Kd6 50. Be4 Kd7 1/2-1/2

[Variant "Standard"]
[Site "Europe Echecs"]

[Event "Championnat du monde jeunes U10"]
[Date "2024.11.19"]
[White "Button-Rabl, Jiban"]
[Black "Annapureddy, Rheyansh Reddy"]
[WhiteElo "1435"]
[BlackElo "2122"]
[Round "5.3"]
[Result "0-1"]
[TimeControl "5400+30"]

1. e4 c5 2. Nf3 Nc6 3. d4 cxd4 4. Nxd4 g6 5. c4 Bg7 6. Be3 Qb6 7. Nb3 Qd8 8. Qd2 Nf6 9. Nc3 Ng4 10. Bf4 d6 11. f3 Nge5 12. Be2 a5 13. Be3 a4 14. Nd4 Na5 15. b3 axb3 16. axb3 Naxc4 17. Qc1 Rxa1 18. Qxa1 Nxe3 19. Kf2 Qb6 20. Qa8 O-O 21. Ncb5 Nc2 22. Rd1 Nxd4 23. Nxd4 Nc6 24. Qa4 Nxd4 25. Kf1 Nc2 26. Rd3 Ne3+ 27. Kf2 Ng4+ 28. Ke1 Qg1+ 29. Bf1 Qf2+ 30. Kd1 Qxf1+ 31. Kc2 Qe2+ 32. Kc1 Qb2+ 33. Kd1 Nf2+ 34. Ke1 Nxd3+ 35. Kf1 Qf2# 0-1

[Variant "Standard"]
[Site "Europe Echecs"]

[Event "Championnat du monde jeunes U10"]
[Date "2024.11.19"]
[White "Chkhartishvili, Lazare"]
[Black "Yao, Lucas Mason Pin Qian"]
[WhiteElo "1836"]
[BlackElo "1687"]
[Round "5.4"]
[Result "1/2-1/2"]
[TimeControl "5400+30"]

1. e4 e5 2. Nf3 Nc6 3. d4 exd4 4. Bc4 Be7 5. c3 Nf6 6. e5 Ne4 7. Bd5 Nc5 8. cxd4 Ne6 9. O-O d6 10. Be3 O-O 11. Nc3 Nb4 12. Bb3 dxe5 13. Nxe5 c6 14. a3 Nd5 15. Nxd5 cxd5 16. Bc2 Bf6 17. f4 g6 18. f5 Ng7 19. Ng4 Bg5 20. Qd2 Bxe3+ 21. Qxe3 gxf5 22. Nh6+ Kh8 23. Nxf5 Bxf5 24. Bxf5 Qh4 25. Qf4 Qxf4 26. Rxf4 Rae8 27. Kf2 Re7 28. Re1 Rfe8 29. Rxe7 Rxe7 30. Bh3 Kg8 31.
Rf3 Rc7 32. Rc3 Rxc3 33. bxc3 Ne8 34.
Bf5 Nd6 35. Bd3 Kg7 36. Kf3 f5 37. Kf4 Kf6 38. g4 fxg4 39. Kxg4 h6 40. Kf4 b5 41. Be2 Nc4 42. Bxc4 bxc4 43. a4 a5 44. h3 Ke6 45. h4 Kf6 46. h5 Ke6 1/2-1/2

[Variant "Standard"]
[Site "Europe Echecs"]